 Dungeon Sprint DCSS version 0.23-a0-78-gc252fe1 (webtiles) character file.

283343 TheOrbIsALie the Merfolkian Porcupine (level 18, -4/182 HPs)
             Began as a Merfolk Berserker on Aug 10, 2018.
             Was a High Priest of Trog.
             Killed from afar by Antaeus (5 damage)
             ... with a bolt of lightning
             ... in the Dungeon (Sprint III: "The Ten Rune Challenge").
             The game lasted 00:59:00 (15643 turns).

TheOrbIsALie the Merfolkian Porcupine (MfBe)       Turns: 15643, Time: 00:59:02

Health: -4/182     AC: 33    Str: 25    XL:     18   Next: 88%
Magic:  7/7        EV: 33    Int: 11    God:    Trog [*****.]
Gold:   12115      SH:  0    Dex: 23    Spells: 17/17 levels left

rFire    + . .     SeeInvis +   z - +6 bardiche (antimagic)
rCold    + . .     Gourm    .   (shield currently unavailable)
rNeg     + . .     Faith    .   U - +7 Kryia's mail coat {PotionHeal*2 rC+}
rPois    .         Spirit   .   W - +3 crown of Dyrovepreva {rElec Int+2 SInv}
rElec    +         Reflect  .   Z - +2 cloak
rCorr    .         Harm     .   (no gloves)
MR       +....     Clarity  +   b - +2 pair of boots Stlth +++++++++.NoTele +
                                L - amulet of the acrobat
HPRegen  0.00/turn              T - +2 ring of protection
MPRegen  0.10/turn              Y - ring "Yrchoudgh Gasa" {*Corrode rF+ rN+ Int+3 Dex+6}

@: mighty, berserk cooldown, slowed, studying 2 skills, very slow
A: change form in water, swift swim, stealthy swim, clarity, dopey 1, low mp 1,
inhibited regeneration
}: 5/10 runes: decaying, serpentine, silver, golden, obsidian
a: Berserk, Trog's Hand, Brothers in Arms, Renounce Religion


You were in the Dungeon.
You worshipped Trog.
Trog was extremely pleased with you.
You were not hungry.

You visited 1 branch You collected 13414 gold pieces.
You spent 1299 gold pieces at shops.

Inventory:

Hand Weapons
 a - a +8 bardiche of venom
 z - a +6 antimagic bardiche (weapon)
 I - a +3 longbow of flaming
 J - a +3 bardiche of protection
Missiles
 q - 7 curare-tipped needles
Armour
 b - a +2 pair of boots (worn)
 v - a +1 robe of magic resistance
 y - +0 shadow dragon scales
 B - a +4 ring mail of poison resistance
 D - a +2 hat of magic resistance
 K - +4 fire dragon scales {Xtahua}
 N - the cursed +0 chain mail "Haycol" {MR+ Dex+5, unknown}
   (You took it off a deep elf high priest in the Dungeon)

   It affects your dexterity (+5).
   It affects your resistance to hostile enchantments.
   It has a curse placed upon it.
 O - a +0 cloak of magic resistance
 U - the +7 Kryia's mail coat (worn) {PotionHeal*2 rC+}
   (You found it in the Dungeon)

   It protects you from cold.
 W - the +3 crown of Dyrovepreva (worn) {rElec Int+2 SInv}
   (You bought it in a shop in the Dungeon)

   It affects your intelligence (+2).
   It insulates you from electricity.
   It lets you see invisible.
 Z - a +2 cloak (worn)
Jewellery
 r - the ring "Voatoaclack" {rF+ rC+ EV+5 Stlth+, unknown}
   (You found it in the Dungeon)

   [ring of evasion]

   It affects your evasion (+5).
   It protects you from fire.
   It protects you from cold.
   It makes you more stealthy.
 w - an uncursed ring of poison resistance {unknown}
 L - an amulet of the acrobat (around neck)
 S - the ring of Coan {*Corrode Str+3 Int+3 Stlth+}
   (You found it in the Dungeon)

   [ring of stealth]

   It affects your strength (+3).
   It affects your intelligence (+3).
   It may corrode you when you take damage.
   It makes you more stealthy.
 T - a +2 ring of protection (left hand)
 Y - the ring "Yrchoudgh Gasa" (right hand) {*Corrode rF+ rN+ Int+3 Dex+6}
   (You found it in the Dungeon)

   [ring of positive energy]

   It affects your intelligence (+3).
   It affects your dexterity (+6).
   It protects you from fire.
   It protects you from negative energy.
   It may corrode you when you take damage.
Wands
 e - a wand of disintegration (13)
 t - a wand of flame (14)
 P - a wand of acid (10)
 V - a wand of digging (19)
Scrolls
 i - a scroll of blinking
 k - a scroll of immolation {unknown}
 l - 3 scrolls of identify
 m - 4 scrolls of remove curse
 o - a scroll of holy word {unknown}
 A - 6 scrolls of enchant weapon
 M - 4 scrolls of amnesia
 X - 6 scrolls of acquirement
Potions
 d - 5 potions of curing
 f - 7 potions of haste
 g - 2 potions of magic
 h - 2 potions of berserk rage
 j - a potion of invisibility {unknown}
 n - 5 potions of mutation
 p - 5 potions of flight
 x - 3 potions of agility
 G - 2 potions of degeneration
 H - a potion of cancellation {unknown}
Books
 Q - a manual of Throwing
 R - a manual of Long Blades
Miscellaneous
 u - a lamp of fire
 C - a fan of gales
 F - a sack of spiders
Comestibles
 c - 6 rations


   Skills:
 O Level 27 Fighting
 O Level 27 Polearms
 O Level 27 Armour
 O Level 27 Dodging
 O Level 27 Stealth
 + Level 9.6 Evocations


You had 17 spell levels left.
You didn't know any spells.
Your spell library was empty.

Dungeon Overview and Level Annotations

Branches:
Dungeon (1/1)

Altars:
Cheibriados
Dithmenos
Elyvilon
Fedhas
Gozag
Hepliaklqana
Kikubaaqudgha
Makhleb
Nemelex Xobeh
Okawaru
Qazlal
Ru
Sif Muna
Trog
Uskayaw
Vehumet
Wu Jian
Xom
Yredelemnul
Zin
The Shining One
Beogh
Jiyva
Lugonu

Shops:
D [%=}![:}![!%?[=}}=}:((!%

Annotations:
D Antaeus


Innate Abilities, Weirdness & Mutations

You revert to your normal form in water.
You are very nimble and swift while swimming.
You are very stealthy in the water. (Stealth+)
You possess an exceptional clarity of mind.
You are dopey. (Int -2)
Your magical capacity is low. (-10% MP)
You do not regenerate when monsters are visible.


Message History

Antaeus blocks your stone giant's attack.
Antaeus falters for a moment.
Your stone giant hits Antaeus!!
You see here a book of Death.
What are your orders? t - Shout!
Orders for allies: a - Attack new target. p - Attack previous target. r - Retreat! s - Stop attacking. g - Guard the area. f - Follow me.
Anything else - Cancel.
Gang up on whom?
Press: ? - help, Dir - move target cursor, f/p - Antaeus
Aim: Antaeus, wearing a runed large shield (water, almost dead) Attack!
Antaeus blocks your stone giant's attack.
Antaeus gestures at your stone giant.
The bolt of lightning hits your stone giant.
The bolt of lightning hits you! You resist.
* * * LOW HITPOINT WARNING * * *
The bolt of lightning hits you! You resist.
You die...

▓....................()).(...
▓.....(.......(......()))((.)
▓.......(.....(..(...((.....}
▓...........(..(....).......)
▓...........(........(.......
▓#######'#############+######
###≈≈≈≈≈≈≈≈≈# #[#≈###≈≈####
##'#≈#φ'≈CC@# #≈)≈≈###≈≈####
#≈≈≈≈≈≈≈≈≈≈≈≈# #≈≈≈≈###≈≈≈≈≈#
##'#≈'(#≈≈#### #:#≈###≈≈'[#
###≈≈≈≈≈≈### ########


You could see Antaeus and a friendly stone giant (berserk).

Vanquished Creatures
  the Serpent of Hell (D)
  Mara (D)
  An ancient lich (D)
  Sojobo (D)
  2 greater mummies (D)
  Boris (D)
  A Killer Klown (D)
  Geryon (D)
  Nikola (D)
  4 bone dragons (D)
  An iron giant (D)
  5 Ice Fiends (D)
  Rupert (D)
  2 Orb Guardians (D)
  A lich (D)
  2 titans (D)
  4 deep elf blademasters (D)
  Gastronok (D)
  2 sphinxes (D)
  An Executioner (D)
  Chuck (D)
  Roxanne (D)
  3 shadow dragons (D)
  Dowan (D)
  A nagaraja (D)
  2 storm dragons (D)
  2 draconian knights (D)
  3 fire giants (D)
  2 frost giants (D)
  2 draconian stormcallers (D)
  2 war gargoyles (D)
  3 stone giants (D)
  6 vampire knights (D)
  2 dire elephants (D)
  3 deep elf demonologists (D)
  A yellow draconian (D)
  A deep elf annihilator (D)
  7 mummy priests (D)
  2 deep elf high priests (D)
  4 fire dragons (D)
  14 vault guards (D)
  An ogre mage (D)
  2 yaktaur captains (D)
  Erolcha (D)
  2 hell beasts (D)
  2 hydras (D)
  4 anacondas (D)
  2 centaur warriors (D)
  A naga warrior (D)
  An iron elemental (D)
  An alligator (shapeshifter) (D)
  4 dancing weapons (D)
  4 death yaks (D)
  Urug (D)
  2 sun demons (D)
  2 soul eaters (D)
  6 skeletal warriors (D)
  An anaconda zombie (D)
  4 deep elf knights (D)
  A shadow wraith (D)
  A golden dragon zombie (D)
  A glowing orange brain (D)
  A death drake (D)
  3 kraken simulacra (D)
  A spectral iron dragon (D)
  A lindwurm (D)
  An orange crystal statue (D)
  An obsidian statue (D)
  2 orc knights (D)
  2 oklob plants (D)
  4 ugly things (D)
  4 crystal guardians (D)
  2 deep elf magi (D)
  A manticore (shapeshifter) (D)
  2 elephants (D)
  A moth of wrath (D)
  2 stone giant skeletons (D)
  A shining eye (D)
  A guardian serpent (D)
  6 black mambas (D)
  3 statues (D)
  A molten gargoyle (D)
  Duvessa (D)
  2 spiny frogs (D)
  6 yaktaurs (D)
  A rime drake (D)
  An anaconda simulacrum (D)
  16 guardian mummies (D)
  A komodo dragon (D)
  3 wandering mushrooms (D)
  2 ice devils (D)
  4 spriggan defenders (D)
  2 tyrant leeches (D)
  3 hornets (D)
  14 slime creatures (D)
  2 orc high priests (D)
  8 blink frogs (D)
  5 redbacks (D)
  A shadow (D)
  A golden eye (D)
  A spatial vortex (D)
  2 iron troll simulacra (D)
  2 nagas (D)
  2 water moccasins (D)
  2 hell hounds (D)
  A floating eye (D)
  2 orc warriors (D)
  A swamp drake (D)
  A necrophage (D)
  5 two-headed ogres (D)
  A water elemental (D)
  26 killer bees (D)
  4 electric eels (D)
  3 orc wizards (D)
  6 orc priests (D)
  A jelly (D)
  A wizard (D)
  Jessica (D)
  A necromancer (D)
  3 humans (D)
  A kobold demonologist (D)
  3 adders (D)
  An ooze (D)
  A phantom (D)
  A ball lightning (D)
  9 orcs (D)
  A bat zombie (D)
  A ball python simulacrum (D)
  A leopard gecko simulacrum (D)
  2 rats (D)
  2 ballistomycetes (D)
  2 butterflies (D)
  13 plants (D)
358 creatures vanquished.

Vanquished Creatures (collateral kills)
  Xtahua (D)
  A Brimstone Fiend (D)
  A stone giant (D)
  A mummy priest (D)
  3 vault guards (D)
  2 skeletal warriors (D)
  2 yaktaurs (D)
  A guardian mummy (D)
  A queen bee (D)
  6 killer bees (D)
19 creatures vanquished.

Vanquished Creatures (others)
  2 draconian scorchers (D)
  Nessos (D)
  A hydra (D)
  6 hellions (D)
  3 yaktaurs (D)
  A statue (D)
  5 ball lightnings (D)
  A ballistomycete (D)
  2 ballistomycete spores (D)
  5 bushes (D)
  A butterfly (D)
  12 plants (D)
  4 tentacles (D)
44 creatures vanquished.

Grand Total: 421 creatures vanquished

Notes
Turn   | Place    | Note
-------+----------+-------------------------------------------
     0 | D        | TheOrbIsALie the Merfolk Berserker began the quest for the Orb.
     0 | D        | Reached XP level 1. HP: 18/18 MP: 1/1
    28 | D        | Reached ** piety under Trog
    36 | D        | Noticed Jessica
    40 | D        | Killed Jessica
    40 | D        | Reached XP level 2. HP: 24/24 MP: 2/2
    40 | D        | Reached XP level 3. HP: 29/29 MP: 3/3
    57 | D        | Reached skill level 10 in Polearms
    77 | D        | Reached *** piety under Trog
    87 | D        | Killed a yaktaur
   108 | D        | Killed a hellion
   108 | D        | Killed a hellion
   136 | D        | Killed a hellion
   138 | D        | Killed a hellion
   148 | D        | Killed a hellion
   149 | D        | Killed a hellion
   217 | D        | Killed a white draconian scorcher
   273 | D        | Noticed a water elemental
   279 | D        | Killed a water elemental
   279 | D        | Reached XP level 4. HP: 35/35 MP: 4/4
   279 | D        | Reached XP level 5. HP: 41/41 MP: 5/5
   301 | D        | Killed a white draconian scorcher
   339 | D        | Found a radiant altar of Vehumet.
   340 | D        | Found a deep blue altar of Sif Muna.
   340 | D        | Found an ancient bone altar of Kikubaaqudgha.
   340 | D        | Killed Nessos
   347 | D        | Reached **** piety under Trog
   396 | D        | Found a glowing silver altar of Zin.
   396 | D        | Found a glowing golden altar of the Shining One.
   396 | D        | Found a white marble altar of Elyvilon.
   396 | D        | Noticed a deep elf mage
   405 | D        | Noticed a redback
   405 | D        | Noticed a demonic crawler
   405 | D        | Killed a deep elf mage
   405 | D        | Reached XP level 6. HP: 47/47 MP: 6/6
   405 | D        | Reached XP level 7. HP: 52/52 MP: 7/7
   443 | D        | Found a hide-covered altar of Uskayaw.
   443 | D        | Found a roughly hewn altar of Beogh.
   443 | D        | Found an iron altar of Okawaru.
   443 | D        | Found a bloodstained altar of Trog.
   443 | D        | Found an ornate altar of the Wu Jian Council.
   443 | D        | Noticed a human
   443 | D        | Noticed a human
   451 | D        | Killed a human
   461 | D        | Killed a human
   521 | D        | Found a basalt altar of Yredelemnul.
   521 | D        | Found a shadowy altar of Dithmenos.
   521 | D        | Found a sacrificial altar of Ru.
   528 | D        | Reached ***** piety under Trog
   544 | D        | Reached XP level 8. HP: 47/58 MP: 8/8
   603 | D        | Noticed a shadow
   614 | D        | Killed a shadow
   616 | D        | Received a gift from Trog
   641 | D        | Found a blossoming altar of Fedhas.
   641 | D        | Found a stormy altar of Qazlal.
   669 | D        | Found a snail-covered altar of Cheibriados.
   669 | D        | Found a burning altar of Makhleb.
   669 | D        | Found a hazy altar of Hepliaklqana.
   669 | D        | Found a shimmering altar of Xom.
   669 | D        | Found an opulent altar of Gozag.
   669 | D        | Found a sparkling altar of Nemelex Xobeh.
   669 | D        | Found a corrupted altar of Lugonu.
   669 | D        | Found a viscous altar of Jiyva.
   800 | D        | Received a gift from Trog
  1031 | D        | Noticed a two-headed ogre
  1037 | D        | Killed a two-headed ogre
  1037 | D        | Reached XP level 9. HP: 71/71 MP: 9/9
  1081 | D        | Noticed a two-headed ogre
  1081 | D        | Noticed Erolcha
  1086 | D        | Killed Erolcha
  1094 | D        | Killed a two-headed ogre
  1421 | D        | Noticed a wandering mushroom
  1425 | D        | Noticed a wandering mushroom
  1430 | D        | Killed a wandering mushroom
  1431 | D        | Noticed a wandering mushroom
  1439 | D        | Killed a wandering mushroom
  1439 | D        | Reached XP level 10. HP: 50/93 MP: 10/10
  1444 | D        | Received a gift from Trog
  1619 | D        | Noticed a spiny frog
  1619 | D        | Noticed a spiny frog
  1625 | D        | Killed a spiny frog
  1632 | D        | Reached ****** piety under Trog
  1632 | D        | Reached skill level 15 in Fighting
  1635 | D        | Killed a spiny frog
  2008 | D        | Reached skill level 5 in Dodging
  2068 | D        | Received a gift from Trog
  2078 | D        | HP: 3/147 [killer bee (8)]
  2234 | D        | Received a gift from Trog
  2234 | D        | Reached skill level 10 in Dodging
  2310 | D        | Received a gift from Trog
  2436 | D        | Received a gift from Trog
  2633 | D        | Noticed Dowan
  2633 | D        | Noticed Duvessa
  2652 | D        | Killed Dowan
  2652 | D        | Reached skill level 15 in Dodging
  2652 | D        | Reached XP level 11. HP: 24/104 MP: 11/11
  2654 | D        | Killed Duvessa
  2654 | D        | Received a gift from Trog
  2967 | D        | Gained mutation: You are clumsy. (Dex -2) [mutagenic glow]
  3122 | D        | Reached skill level 5 in Stealth
  3187 | D        | Noticed a lindwurm
  3195 | D        | Killed a lindwurm
  3490 | D        | Noticed Urug
  3493 | D        | Killed Urug
  3493 | D        | Reached skill level 10 in Stealth
  3497 | D        | Lost mutation: You are clumsy. (Dex -2) [potion of mutation]
  3497 | D        | Gained mutation: Your magical capacity is low. (-10% MP) [potion of mutation]
  3497 | D        | Gained mutation: You do not regenerate when monsters are visible. [potion of mutation]
  3497 | D        | Gained mutation: You possess an exceptional clarity of mind. [potion of mutation]
  3685 | D        | Received a gift from Trog
  3750 | D        | Noticed a dire elephant
  3750 | D        | Noticed a dire elephant
  3750 | D        | Noticed Gastronok
  3771 | D        | Killed a dire elephant
  3821 | D        | Killed Gastronok
  3821 | D        | Received a gift from Trog
  3821 | D        | Reached XP level 12. HP: 69/111 MP: 10/10
  3953 | D        | Killed a dire elephant
  4099 | D        | Noticed Rupert
  4111 | D        | Killed Rupert
  4141 | D        | Noticed an azure jelly
  4141 | D        | Noticed an azure jelly
  4141 | D        | Noticed an azure jelly
  4141 | D        | Noticed an azure jelly
  4168 | D        | Noticed a death yak
  4169 | D        | Noticed a death yak
  4175 | D        | Noticed a death yak
  4175 | D        | Noticed a death yak
  4176 | D        | Killed a death yak
  4184 | D        | Killed a death yak
  4192 | D        | Killed a death yak
  4192 | D        | Received a gift from Trog
  4194 | D        | Killed a death yak
  4320 | D        | Received a gift from Trog
  4330 | D        | Noticed a fire dragon
  4331 | D        | Noticed a fire dragon
  4339 | D        | Killed a fire dragon
  4339 | D        | Reached skill level 27 in Polearms
  4341 | D        | Killed a fire dragon
  4373 | D        | Killed a seven-headed hydra
  4401 | D        | Noticed a fire dragon
  4657 | D        | Killed a fire dragon
  4661 | D        | Received a gift from Trog
  4679 | D        | Noticed Xtahua
  4684 | D        | Found Wonelaji's Antique Armour Shoppe.
  4684 | D        | Found Reys's Food Boutique.
  4684 | D        | Found Qocsinoi's Jewellery Emporium.
  4704 | D        | Killed Xtahua
  4704 | D        | Reached XP level 13. HP: 48/122 MP: 11/11
  4978 | D        | Got a decaying rune of Zot
  5301 | D        | Received a gift from Trog
  5313 | D        | Received a gift from Trog
  5374 | D        | Found Sistysue's Book Emporium.
  5459 | D        | Received a gift from Trog
  5517 | D        | Noticed a deep elf annihilator
  5517 | D        | Noticed a deep elf demonologist
  5517 | D        | Noticed a deep elf high priest
  5519 | D        | Noticed a deep elf blademaster
  5520 | D        | Noticed a deep elf high priest
  5526 | D        | Noticed a Hell Sentinel
  5526 | D        | Killed a deep elf demonologist
  5526 | D        | Received a gift from Trog
  5526 | D        | Noticed a deep elf demonologist
  5527 | D        | Killed a deep elf annihilator
  5531 | D        | Killed a deep elf high priest
  5537 | D        | Killed a deep elf high priest
  5537 | D        | Received a gift from Trog
  5540 | D        | Noticed a balrug
  5541 | D        | Killed a deep elf blademaster
  5542 | D        | Noticed a deep elf demonologist
  5543 | D        | Gained mutation: You are dopey. (Int -2) [a neqoxec]
  5547 | D        | Killed a deep elf demonologist
  5604 | D        | Killed a deep elf demonologist
  5608 | D        | Got an amethyst-encrusted chain mail
  5625 | D        | Got a wavering turquoise ring
  5628 | D        | Found the +7 Kryia's mail coat {PotionHeal*2 rC+}
  5746 | D        | Received a gift from Trog
  6066 | D        | Received a gift from Trog
  6166 | D        | Reached XP level 14. HP: 124/142 MP: 12/12
  6181 | D        | Received a gift from Trog
  6415 | D        | Noticed a nagaraja
  6417 | D        | Found Toadinaek's Gadget Shop.
  6417 | D        | Found Bicwied's Distillery.
  6427 | D        | Killed a nagaraja
  6434 | D        | Found Wymia's Antique Armour Boutique.
  6442 | D        | Bought a runed cloak for 165 gold pieces
  6447 | D        | Bought the +3 crown of Dyrovepreva {rElec Int+2 SInv} for 910 gold pieces
  6447 | D        | Found the +3 crown of Dyrovepreva {rElec Int+2 SInv}
  6481 | D        | Received a gift from Trog
  6489 | D        | Got a serpentine rune of Zot
  6646 | D        | Found Soefyeng's Jewellery Emporium.
  6646 | D        | Found Unocs's Book Shop.
  6646 | D        | Found Wauxzel's Food Shoppe.
  6646 | D        | Found Joazicot's Gadget Boutique.
  6646 | D        | Found Xexkev's Gadget Emporium.
  6646 | D        | Found Agireask's Distillery.
  6646 | D        | Found Icve's Antique Weapon Emporium.
  6646 | D        | Found Lueryph Ypos's Weapon Boutique.
  6647 | D        | Found Kusipt's Gadget Boutique.
  6647 | D        | Found Faoqok's Jewellery Shoppe.
  6647 | D        | Found Dyfoggia's Antique Armour Shop.
  6647 | D        | Found Utigh's Magic Scroll Emporium.
  6678 | D        | Identified the ring of Coan {*Corrode Str+3 Int+3 Stlth+} (You found it in the Dungeon)
  6744 | D        | Received a gift from Trog
  6868 | D        | Received a gift from Trog
  7299 | D        | Received a gift from Trog
  7305 | D        | Noticed Chuck
  7311 | D        | Killed Chuck
  7311 | D        | Reached skill level 27 in Fighting
  7381 | D        | Got a sparkling brass ring
  7418 | D        | Identified the ring "Yrchoudgh Gasa" {*Corrode rF+ rN+ Int+3 Dex+6} (You found it in the Dungeon)
  7420 | D        | Noticed Sojobo
  7451 | D        | Killed Sojobo
  7451 | D        | Received a gift from Trog
  7742 | D        | Noticed a lich
  7745 | D        | Killed a lich
  7760 | D        | Noticed a shadow dragon
  7762 | D        | Noticed a shadow dragon
  7789 | D        | Killed a shadow dragon
  7795 | D        | Killed a shadow dragon
  7795 | D        | Received a gift from Trog
  7795 | D        | Reached XP level 15. HP: 157/157 MP: 13/13
  8112 | D        | Received a gift from Trog
  8198 | D        | Noticed a bone dragon
  8221 | D        | Killed a bone dragon
  8314 | D        | Noticed a bone dragon
  8326 | D        | Killed a bone dragon
  8396 | D        | Noticed a bone dragon
  8407 | D        | Killed a bone dragon
  8407 | D        | Received a gift from Trog
  8498 | D        | Noticed a bone dragon
  8503 | D        | Killed a bone dragon
  8503 | D        | Reached skill level 27 in Dodging
  8534 | D        | Received a gift from Trog
  8760 | D        | Received a gift from Trog
  9011 | D        | Found Lamuazac's Distillery.
  9011 | D        | Found Hehoosi's Distillery.
  9011 | D        | Found Zojum's Armour Shop.
  9011 | D        | Found Emumaa's Food Shoppe.
  9019 | D        | Bought a potion of degeneration for 10 gold pieces
  9020 | D        | Bought a +2 pair of boots for 214 gold pieces
  9056 | D        | Noticed Boris
  9064 | D        | Killed Boris
  9064 | D        | Received a gift from Trog
  9176 | D        | Reached XP level 16. HP: 165/165 MP: 4/14
  9198 | D        | Received a gift from Trog
  9334 | D        | Received a gift from Trog
  9343 | D        | Noticed Nikola
  9343 | D        | Noticed a storm dragon
  9350 | D        | Killed a storm dragon
  9358 | D        | Killed Nikola
  9417 | D        | Noticed Roxanne
  9433 | D        | Killed Roxanne
  9433 | D        | Received a gift from Trog
  9470 | D        | Found Anubobaono's Gadget Boutique.
  9519 | D        | Received a gift from Trog
  9777 | D        | Noticed a shadow dragon
  9794 | D        | Noticed a titan
  9805 | D        | Killed a titan
  9814 | D        | Reached skill level 27 in Stealth
  9818 | D        | Noticed a titan
  9825 | D        | Received a gift from Trog
  9832 | D        | Reached skill level 5 in Armour
  9834 | D        | Killed a titan
  9842 | D        | Received a gift from Trog
  9964 | D        | Reached skill level 10 in Armour
  9966 | D        | Received a gift from Trog
 10061 | D        | Received a gift from Trog
 10254 | D        | Killed a shadow dragon
 10299 | D        | Got a silver rune of Zot
 10591 | D        | Noticed Mara
 10614 | D        | Received a gift from Trog
 10618 | D        | Killed Mara
 10618 | D        | Reached XP level 17. HP: 144/172 MP: 5/15
 10636 | D        | Reached skill level 15 in Armour
 10906 | D        | Noticed a sphinx
 10906 | D        | Noticed a sphinx
 10959 | D        | Killed a sphinx
 10959 | D        | Received a gift from Trog
 11177 | D        | Killed a sphinx
 11312 | D        | Received a gift from Trog
 11795 | D        | Received a gift from Trog
 12094 | D        | Noticed a greater mummy
 12094 | D        | Noticed a greater mummy
 12411 | D        | Killed a greater mummy
 12473 | D        | Received a gift from Trog
 12574 | D        | Killed a greater mummy
 12587 | D        | Got a golden rune of Zot
 12885 | D        | Received a gift from Trog
 13157 | D        | Noticed an Executioner
 13163 | D        | Killed an Executioner
 13348 | D        | Noticed a deep elf blademaster
 13348 | D        | Noticed a deep elf blademaster
 13350 | D        | Killed a deep elf blademaster
 13350 | D        | Received a gift from Trog
 13351 | D        | Noticed a deep elf blademaster
 13359 | D        | Killed a deep elf blademaster
 13385 | D        | Killed a deep elf blademaster
 13630 | D        | Noticed a Killer Klown
 13644 | D        | Killed a Killer Klown
 13715 | D        | Noticed Geryon
 13751 | D        | Killed Geryon
 13751 | D        | Reached XP level 18. HP: 139/175 MP: 5/16
 13775 | D        | Received a gift from Trog
 14015 | D        | Noticed an Orb Guardian
 14016 | D        | Noticed an Orb Guardian
 14017 | D        | Killed an Orb Guardian
 14020 | D        | Killed an Orb Guardian
 14020 | D        | Received a gift from Trog
 14108 | D        | Noticed an ancient lich
 14117 | D        | Killed an ancient lich
 14117 | D        | Received a gift from Trog
 14386 | D        | Noticed an iron giant
 14413 | D        | Killed an iron giant
 14413 | D        | Received a gift from Trog
 14691 | D        | Noticed the Serpent of Hell
 14700 | D        | Noticed a Brimstone Fiend
 14718 | D        | Killed the Serpent of Hell
 14719 | D        | Killed a Brimstone Fiend
 15230 | D        | Got a faintly glowing platinum ring
 15242 | D        | Got an obsidian rune of Zot
 15283 | D        | Noticed an Ice Fiend
 15289 | D        | Received a gift from Trog
 15293 | D        | Killed an Ice Fiend
 15302 | D        | Noticed an Ice Fiend
 15314 | D        | Killed an Ice Fiend
 15330 | D        | Noticed an Ice Fiend
 15342 | D        | Killed an Ice Fiend
 15342 | D        | Reached skill level 27 in Armour
 15562 | D        | Noticed an Ice Fiend
 15567 | D        | Killed an Ice Fiend
 15567 | D        | Received a gift from Trog
 15579 | D        | Noticed an Ice Fiend
 15580 | D        | Killed an Ice Fiend
 15598 | D        | Noticed Antaeus
 15643 | D        | HP: 1/182 [Antaeus/bolt of lightning (14)]
 15643 | D        | Killed from afar by Antaeus

Vault maps used:
D:        dungeon_sprint_mu

Skill      XL: |  1  2  3  4  5  6  7  8  9 10 11 12 13 14 15 16 17 18 |
---------------+-------------------------------------------------------+-----
Polearms       | 9 13 19 21 23 27 | 27.0
Fighting       | 6 13 16 17 23 27 | 27.0
Dodging        | 15 21 27 | 27.0
Stealth        | 16 17 22 27 | 27.0
Armour         | 14 22 27 | 27.0
Evocations     | 9 |  9.6

Action                   |  1- 3 |  4- 6 |  7- 9 | 10-12 | 13-15 | 16-18 || total
-------------------------+-------+-------+-------+-------+-------+-------++-------
Melee: Spear             |    41 |    13 |    89 |       |       |       ||   143
       Glaive            |       |       |    40 |   116 |       |       ||   156
       Tailslap          |       |       |       |    10 |     5 |    47 ||    62
       Bardiche          |       |       |       |   122 |   491 |   713 ||  1326
Throw: Tomahawk          |       |       |       |     1 |       |     1 ||     2
Invok: Berserk           |     2 |     2 |     5 |     7 |     7 |     7 ||    30
       Brothers in Arms  |       |       |       |     4 |     1 |     8 ||    13
       Trog's Hand       |       |       |       |     2 |     2 |     1 ||     5
  Use: Potion            |       |       |       |     4 |     1 |     3 ||     8
       Scroll            |       |       |       |     1 |     2 |       ||     3
 Stab: Sleeping          |     1 |       |     1 |     5 |    37 |    30 ||    74
       Distracted        |       |       |       |     6 |       |    10 ||    16
       Held in net/web   |       |       |       |       |       |     1 ||     1
  Eat: Chunk             |       |     1 |     8 |     8 |    12 |     6 ||    35
       Ration            |       |       |       |     3 |     3 |     8 ||    14
Armor: Animal skin       |       |       |     2 |       |       |       ||     2
       Robe              |       |       |       |    12 |       |       ||    12
       Ring mail         |       |       |       |     9 |    67 |    67 ||   143
       Fire dragon scale |       |       |       |       |       |    22 ||    22
       Scale mail        |       |       |       |       |       |    11 ||    11
Dodge: Dodged            |    10 |     5 |    28 |   170 |   320 |   365 ||   898

Table legend:
 A = Non-vault XP
 B = Vault XP
 C = Vault XP percentage of total XP
 D = Non-vault monster count
 E = Vault monster count
 F = Vault count percentage of total count
 G = Total turns spent on level
                 A         B        C        D         E       F
            +---------+---------+-------+---------+---------+-------
      Total |    1012 |  307347 |  99.7 |       4 |     356 |  98.9
            +---------+---------+-------+---------+---------+-------
          D |    1012 |  307347 |  99.7 |       4 |     356 |  98.9
            +---------+---------+-------+---------+---------+-------
